 Dungeon Crawl Stone Soup version 0.26.1-11-gd32895ea62 (webtiles) character file.

Game seed: 2903861116236597136

229 magipi the Chiller (level 5, -2/28 HPs)
             Began as a Deep Elf Ice Elementalist on Aug 29, 2021.
             Killed by divine providence
             ... invoked by an orc priest
              (11 damage)
             ... on level 3 of the Dungeon.
             The game lasted 00:12:23 (2683 turns).

magipi the Chiller (Deep Elf Ice Elementalist)      Turns: 2683, Time: 00:12:24

Health: -2/28      AC:  2    Str:  6    XL:     5   Next: 71%
Magic:  8/13       EV: 13    Int: 20    God:
Gold:   95         SH:  0    Dex: 15    Spells: 1/12 levels left

rFire    . . .     SeeInvis .   a - +4 dagger (speed)
rCold    . . .     Faith    .   (no shield)
rNeg     . . .     Spirit   .   o - +0 robe
rPois    .         Reflect  .   (no helmet)
rElec    .         Harm     .   (no cloak)
rCorr    .         Rampage  .   (no gloves)
Will     .....                  (no boots)
Stlth    ++........             (no amulet)
HPRegen  0.09/turn              (no ring)
MPRegen  0.13/turn              (no ring)

@: frozen ramparts
A: no striking features
a: no special abilities


You were on level 3 of the Dungeon.
You visited 1 branch of the dungeon, and saw 3 of its levels.

You collected 95 gold pieces.

Inventory:

Hand Weapons
 a - a +4 dagger of speed (weapon)
   (You took it off an orc wizard on level 3 of the Dungeon)
 b - a +1 short sword of holy wrath
   (You took it off a kobold on level 1 of the Dungeon)
Missiles
 h - 8 poisoned darts (quivered)
Armour
 o - a +0 robe (worn)
Jewellery
 n - a cursed -4 ring of strength {unknown}
   (You found it on level 3 of the Dungeon)
Scrolls
 c - 2 scrolls of enchant armour {unknown}
 d - a scroll of blinking {unknown}
 e - 3 scrolls of teleportation {unknown}
 f - 3 scrolls of remove curse {unknown}
 i - a scroll of fear {unknown}
 j - 4 scrolls of identify {unknown}
 l - a scroll of immolation {unknown}
 m - a scroll of random uselessness {unknown}
 p - a scroll of noise {unknown}
Potions
 g - a potion of attraction {unknown}
 k - a potion of brilliance {unknown}


   Skills:
 - Level 2.4 Dodging
 - Level 2.4 Stealth
 - Level 4.1 Spellcasting
 * Level 3.4 Summonings
 + Level 6.3 Ice Magic


You had one spell level left.
You knew the following spells:

 Your Spells              Type           Power        Failure   Level
a - Freeze                Ice            100%         1%          1
b - Frozen Ramparts       Ice            58%          2%          3
o - Ozocubu's Armour      Ice            29%          2%          3
s - Summon Ice Beast      Ice/Summ       23%          17%         4

Your spell library contained the following spells:

 Spells                   Type           Power        Failure   Level
 Hailstorm                Conj/Ice       16%          34%         4


Dungeon Overview and Level Annotations

Branches:
Dungeon (3/15)

Altars:
Sif Muna


Message History

Unknown command.
Unknown command.
Unknown command.
Unknown command.
Unknown command.
Unknown command.
You start resting.
The frozen ramparts melt away.
You start resting.
Magic restored.
You start resting.
An orc wizard comes into view. It is wielding a +0 dagger.
Unknown command.
Unknown command.
Casting: Freeze (safe; 1% risk of failure)
Confirm with . or Enter, or press ? or * to list all spells.
Casting: Frozen Ramparts (dangerous; 3% risk of failure)
Press: ? - help, Dir - look around, f - activate The walls around you are covered in ice.
The wall freezes the orc wizard.
The orc wizard hits you with a cursed +0 dagger.
Unknown command.
Unknown command.
Unknown command.
You hit the orc wizard.
The orc wizard is moderately wounded.
Casting: Frozen Ramparts (dangerous; 3% risk of failure)
Confirm with . or Enter, or press ? or * to list all spells.
Aiming: Freeze (safe; 1% risk of failure)
Press: ? - help, Shift-Dir - straight line, f - orc wizard
Aim: an orc wizard, wielding a +0 dagger and wearing a +0 robe (moderately wounded)
You freeze the orc wizard!
The orc wizard is severely wounded.
The wall freezes the orc wizard.
The orc wizard hits you with a cursed +0 dagger.
Unknown command.
Unknown command.
Casting: Freeze (safe; 1% risk of failure)
Confirm with . or Enter, or press ? or * to list all spells.
Aiming: Freeze (safe; 1% risk of failure)
Press: ? - help, Shift-Dir - straight line, f/p - orc wizard
Aim: an orc wizard, wielding a +0 dagger and wearing a +0 robe (almost dead)
You freeze the orc wizard!
You kill the orc wizard!
Unknown command.
Unknown command.
The frozen ramparts melt away as you move.
Items here: ( ) [ †.
You start resting.
Magic restored.
You start resting.
HP restored.
Items here: ( ) [ ÷.
Okay, then.
p - a scroll labelled BENGAL ULUO
Items here: )) [[.
Okay, then.
An orc priest comes into view. It is wielding a +0 hand axe.
Items here: ( ) [ ÷.
Throw: 9 darts (poison)
Press: ? - help, Q - select action, (/) - cycle Shift-Dir - straight line, f - orc priest
Aim: an orc priest, wielding a +0 hand axe (wandering, hasn't noticed you, 57% to hit)
You throw a poisoned dart. The poisoned dart hits the orc priest.
The orc priest shouts!
The orc priest invokes the aid of Beogh against you.
Beogh smites you!
Unknown command.
You start resting.
An orc priest is nearby!
Casting: Freeze (safe; 1% risk of failure)
Confirm with . or Enter, or press ? or * to list all spells.
Casting: Frozen Ramparts (dangerous; 2% risk of failure)
Press: ? - help, Dir - look around, f - activate The walls around you are covered in ice.
The wall freezes the orc priest.
The orc priest barely misses you.
Unknown command.
Unknown command.
Casting: Frozen Ramparts (dangerous; 2% risk of failure)
Confirm with . or Enter, or press ? or * to list all spells.
Aiming: Freeze (safe; 1% risk of failure)
Press: ? - help, Shift-Dir - straight line, f - orc priest
Aim: an orc priest, wielding a +0 hand axe (moderately wounded)
You freeze the orc priest.
The orc priest is heavily wounded.
The wall freezes the orc priest.
The orc priest mumbles some strange prayers to Beogh against you.
Pain shoots through your body!
Unknown command.
Unknown command.
Casting: Freeze (safe; 1% risk of failure)
Confirm with . or Enter, or press ? or * to list all spells.
Aiming: Freeze (safe; 1% risk of failure)
Press: ? - help, Shift-Dir - straight line, f/p - orc priest
Aim: an orc priest, wielding a +0 hand axe (severely wounded)
You freeze the orc priest.
The orc priest is almost dead.
The wall freezes the orc priest.
The orc priest mumbles some strange prayers to Beogh against you.
Beogh smites you!
You die...

#.# ... ......
#.# ..# #.###
#.# ..o# # #.#
... # #.# #.(
# #.# #.# ..
#.######.#
#### ###
#......o##
#...
########@###..
##.#.# ##).#
#..# #..# #..#
#..# #..# #...


You could see an orc priest.

Vanquished Creatures
  An orc priest (D:3)
  2 orc wizards (D:3)
  Terence (D:2)
  3 adders (D:2)
  An ooze (D:1)
  3 dart slugs (D:1)
  4 leopard geckos
  5 orcs (D:3)
  6 bats
  3 giant cockroaches
  5 goblins
  9 hobgoblins
  12 jackals
  6 kobolds
  2 frilled lizards (D:1)
  10 rats
73 creatures vanquished.

Notes
Turn   | Place    | Note
-------+----------+-------------------------------------------
     0 | D:1      | magipi the Deep Elf Ice Elementalist began the quest for
                  | the Orb.
     0 | D:1      | Reached XP level 1. HP: 10/10 MP: 6/6
   367 | D:1      | Reached XP level 2. HP: 15/15 MP: 6/8
   589 | D:1      | Reached skill level 5 in Ice Magic
   726 | D:1      | Reached XP level 3. HP: 19/19 MP: 8/10
   730 | D:1      | Learned a level 3 spell: Frozen Ramparts
   734 | D:1      | Learned a level 3 spell: Ozocubu's Armour
  1309 | D:2      | Reached XP level 4. HP: 21/24 MP: 8/12
  1324 | D:2      | Learned a level 4 spell: Summon Ice Beast
  1709 | D:2      | Reached skill level 1 in Summonings
  1911 | D:2      | Noticed Terence
  1919 | D:2      | Killed Terence
  2018 | D:3      | Reached skill level 6 in Ice Magic
  2053 | D:3      | Found a shimmering blue altar of Sif Muna.
  2166 | D:3      | Reached XP level 5. HP: 23/28 MP: 8/13
  2683 | D:3      | Killed from afar by an orc priest

Illustrated notes

Levels and vault maps discovered:
D:1:      shiori_arrival_maze, layout_basic, minmay_misc_feat_chi
D:2:      layout_loops_cross, serial_bayou_pond_d, uniq_terence
D:3:      layout_loops_ring, overflow_temple_1_default

Skill      XL: |  1  2  3  4  5 |
---------------+----------------+-----
Ice Magic      | 5 6 |  6.3
Spellcasting   | 4 |  4.1
Summonings     | 2 3 |  3.4
Dodging        | |  2.4
Stealth        | |  2.4

Action                   |  1- 3 |  4- 6 || total
-------------------------+-------+-------++-------
Melee: Short sword       |    23 |    21 ||    44
       Dagger            |       |    13 ||    13
Throw: Dart              |       |     2 ||     2
 Cast: Freeze            |    41 |    19 ||    60
       Frozen Ramparts   |     1 |     8 ||     9
 Stab: Sleeping          |     6 |     1 ||     7
Armor: Robe              |     2 |     4 ||     6
Dodge: Dodged            |    24 |    29 ||    53
